 Dungeon Crawl Stone Soup version 0.27.1-33-g824d729ab1 (webtiles) character file.

Game seed: 12545350517888534198

644 mcbry74 the Ducker (level 7, -4/56 HPs)
             Began as a Gnoll Gladiator on Dec 23, 2021.
             Slain by a yak (7 damage)
             ... on level 3 of the Dungeon.
             The game lasted 00:16:21 (3330 turns).

mcbry74 the Ducker (Gnoll Gladiator)                Turns: 3330, Time: 00:16:22

Health: -4/56      AC:  6    Str: 14    XL:     7   Next: 52%
Magic:  9/10       EV: 14    Int:  9    God:
Gold:   141        SH:  0    Dex: 13    Spells: 10/11 levels left

rFire    . . .     SeeInvis .   a - +0 quarterstaff
rCold    . . .     Faith    .   (shield currently unavailable)
rNeg     . . .     Spirit   .   b - +0 leather armour
rPois    .         Reflect  .   n - +1 helmet
rElec    .         Harm     .   g - +0 cloak
rCorr    .         Rampage  .   (no gloves)
Will     +....                  (no boots)
Stlth    ++........             (no amulet)
HPRegen  0.18/turn              q - ring of willpower
MPRegen  0.12/turn              (no ring)

@: no status effects
A: fangs 1, strong nose, distributed training
a: no special abilities


You were on level 3 of the Dungeon.
You visited 1 branch of the dungeon, and saw 4 of its levels.

You collected 141 gold pieces.

Inventory:

Hand Weapons
 a - a +0 quarterstaff (weapon)
 j - a +0 hunting sling
 s - a +0 quarterstaff
 u - a +0 quarterstaff
 y - a +2 dagger of protection
Missiles
 d - 3 throwing nets
 i - 101 stones (quivered)
Armour
 b - a +0 leather armour (worn)
 c - a +0 helmet
 g - a +0 cloak (worn)
 n - a +1 helmet (worn)
 B - the +0 robe "Plog" {Drain Str+4 Int+4}
   (You found it on level 4 of the Dungeon)

   Str:       It affects your strength (+4).
   Int:       It affects your intelligence (+4).
   Drain:     It drains your maximum health when unequipped.
Jewellery
 q - a ring of willpower (left hand)
Scrolls
 e - 2 scrolls of torment {unknown}
 h - a scroll of fear {unknown}
 l - 2 scrolls of teleportation {unknown}
 o - 5 scrolls of silence {unknown}
 p - a scroll of blinking {unknown}
 r - a scroll of immolation {unknown}
 v - a scroll of noise {unknown}
 x - a scroll of enchant weapon {unknown}
 A - a scroll of identify {unknown}
Potions
 f - a potion of magic {unknown}
 k - 3 potions of flight {unknown}
 m - a potion of lignification {unknown}
 t - a potion of haste {unknown}
 w - a potion of heal wounds
 z - a potion of curing {unknown}


   Skills:
 + Level 5.2 Fighting
 + Level 2.5 Short Blades
 + Level 2.5 Long Blades
 + Level 2.5 Axes
 + Level 2.5 Maces & Flails
 + Level 2.5 Polearms
 + Level 7.0 Staves
 + Level 2.5 Slings
 + Level 2.5 Bows
 + Level 2.5 Crossbows
 + Level 5.2 Throwing
 + Level 2.5 Armour
 + Level 7.0 Dodging
 + Level 2.5 Stealth
 + Level 2.5 Shields
 + Level 2.5 Unarmed Combat
 + Level 2.5 Spellcasting
 + Level 2.0 Conjurations
 + Level 2.0 Hexes
 + Level 2.0 Summonings
 + Level 2.0 Necromancy
 + Level 2.0 Translocations
 + Level 2.0 Transmutations
 + Level 2.0 Fire Magic
 + Level 2.0 Ice Magic
 + Level 2.0 Air Magic
 + Level 2.0 Earth Magic
 + Level 2.0 Poison Magic
 + Level 2.8 Invocations
 + Level 2.5 Evocations


You had 10 spell levels left.
You knew the following spells:

 Your Spells              Type           Power      Damage    Failure   Level
a - Corona                Hex            4%         N/A       17%         1

Your spell library contained the following spells:

 Spells                   Type           Power      Damage    Failure   Level
 Ensorcelled Hibernation  Hex/Ice        8%         N/A       26%         2
 Tukima's Dance           Hex            4%         N/A       45%         3


Dungeon Overview and Level Annotations

Branches:
Dungeon (4/15)
 Temple: D:4-7

Altars:
Hepliaklqana
Trog


Innate Abilities, Weirdness & Mutations

You have very sharp teeth.
Your uncanny sense of smell can sniff out nearby items.
Your experience applies equally to all skills.


Message History

The yak gores you but does no damage.
You barely miss the yak.
The yak is moderately wounded.
The yak barely misses you.
You hit the yak but do no damage.
The yak is moderately wounded.
The yak closely misses you.
You sock the yak!
The yak is heavily wounded.
The yak gores you!
You sock the yak!
The yak is severely wounded.
The yak gores you!
* * * LOW HITPOINT WARNING * * *
You hit the yak.
The yak is almost dead.
The yak gores you.
* * * LOW HITPOINT WARNING * * *
The yak gores you.
* * * LOW HITPOINT WARNING * * *
Casting: Corona (safe; 17% risk of failure)
Confirm with . or Enter, or press ? or * to list all spells.
Aiming: Corona (safe; 17% risk of failure)
Press: ? - help, Shift-Dir - straight line, f - yak
Aim: a yak (severely wounded, chance to affect: 37%)
The yak is outlined in light.
The yak misses you.
You hit the yak.
The yak is severely wounded.
The yak closely misses you.
You barely miss the yak.
The yak is severely wounded.
The yak gores you!
* * * LOW HITPOINT WARNING * * *
You hit the yak but do no damage.
The yak is severely wounded.
The yak closely misses you.
You hit the yak.
The yak is almost dead.
The yak gores you!
You die...

#############.#######............
.................................
#..............######.##.........
#..............# #.##.........
#..............# #.##.........
#..............## #.##.........
#.....#####.....# #.######'####
#...###...#....Y#####.# #.#
###.ยงยงยง._.#####.@.....# #.#
#####...#...........# #.#
#####...........# #.#
#..............# #.#
#...........##.# #.#
######...........##.######.#
#.....##########..#.##...#.#
#.....# #...........'.# ###.....#
#...........###


You could see a yak (corona).

Vanquished Creatures
  2 yaks
  A black bear (D:3)
  A necrophage (D:4)
  Natasha (thrice) (D:2)
  An iguana (D:4)
  2 adders (D:4)
  An adder skeleton (D:4)
  2 worms (D:2)
  2 dart slugs
  An orc (D:3)
  A bat (D:1)
  4 endoplasms
  3 giant cockroaches
  6 goblins
  6 hobgoblins
  3 kobolds (D:2)
  4 quokkas
  6 ball pythons
  4 frilled lizards
  5 rats
58 creatures vanquished.

Notes
Turn   | Place    | Note
-------+----------+-------------------------------------------
     0 | D:1      | mcbry74 the Gnoll Gladiator began the quest for the Orb.
     0 | D:1      | Reached XP level 1. HP: 20/20 MP: 1/1
   333 | D:1      | Reached XP level 2. HP: 26/26 MP: 2/2
   674 | D:1      | Learned a level 1 spell: Corona
  1101 | D:2      | Found a bloodstained altar of Trog.
  1113 | D:2      | Reached XP level 3. HP: 31/31 MP: 0/3
  1254 | D:2      | Noticed Natasha
  1263 | D:2      | Killed Natasha
  1264 | D:2      | Reached skill level 1 in Short Blades
  1264 | D:2      | Reached skill level 1 in Long Blades
  1264 | D:2      | Reached skill level 1 in Axes
  1264 | D:2      | Reached skill level 1 in Maces & Flails
  1264 | D:2      | Reached skill level 1 in Polearms
  1264 | D:2      | Reached skill level 1 in Slings
  1264 | D:2      | Reached skill level 1 in Bows
  1264 | D:2      | Reached skill level 1 in Crossbows
  1264 | D:2      | Reached skill level 1 in Armour
  1264 | D:2      | Reached skill level 1 in Stealth
  1264 | D:2      | Reached skill level 1 in Shields
  1264 | D:2      | Reached skill level 1 in Unarmed Combat
  1264 | D:2      | Reached skill level 1 in Spellcasting
  1264 | D:2      | Reached skill level 1 in Invocations
  1264 | D:2      | Reached skill level 1 in Evocations
  1284 | D:2      | Noticed Natasha
  1295 | D:2      | Reached XP level 4. HP: 27/38 MP: 5/5
  1312 | D:2      | Killed Natasha
  1409 | D:2      | Found a faded altar of an unknown god.
  1510 | D:2      | Noticed Natasha
  1519 | D:2      | Killed Natasha
  1520 | D:2      | Reached skill level 1 in Conjurations
  1520 | D:2      | Reached skill level 1 in Hexes
  1520 | D:2      | Reached skill level 1 in Summonings
  1520 | D:2      | Reached skill level 1 in Necromancy
  1520 | D:2      | Reached skill level 1 in Translocations
  1520 | D:2      | Reached skill level 1 in Transmutations
  1520 | D:2      | Reached skill level 1 in Fire Magic
  1520 | D:2      | Reached skill level 1 in Ice Magic
  1520 | D:2      | Reached skill level 1 in Air Magic
  1520 | D:2      | Reached skill level 1 in Earth Magic
  1520 | D:2      | Reached skill level 1 in Poison Magic
  1681 | D:2      | Reached XP level 5. HP: 43/43 MP: 6/6
  2155 | D:3      | Found a hazy altar of Hepliaklqana.
  2347 | D:4      | Noticed a necrophage
  2358 | D:4      | Killed a necrophage
  2493 | D:4      | Noticed a yak
  2493 | D:4      | Noticed a yak
  2493 | D:4      | Noticed a yak
  2494 | D:4      | Noticed a yak
  2518 | D:3      | Killed a yak
  2519 | D:3      | Reached skill level 5 in Fighting
  2519 | D:3      | Reached skill level 5 in Throwing
  2519 | D:3      | Reached XP level 6. HP: 31/51 MP: 7/9
  2656 | D:4      | Noticed a yak
  2749 | D:4      | Identified the +0 robe "Plog" {Drain Str+4 Int+4}
  2921 | D:4      | Noticed a black bear
  2955 | D:3      | Killed a black bear
  2956 | D:3      | Reached XP level 7. HP: 40/56 MP: 10/10
  3246 | D:4      | Noticed a yak
  3285 | D:4      | Killed a yak
  3328 | D:3      | HP: 2/56 [yak (7)]
  3330 | D:3      | Slain by a yak

Illustrated notes

Levels and vault maps discovered:
D:1:      denvon_arrival_waterhouse, layout_basic, hangedman_decor_push
D:2:      layout_basic, basic_altar, ebering_ecumenical_altar_abandoned,
          uniq_natasha
D:3:      layout_basic, nzn_hepliaklqana_mist_gate
D:4:      layout_gridville, minmay_temple_entry_glassed_door

Skill      XL: |  1  2  3  4  5  6  7 |
---------------+----------------------+-----
Short Blades   | 1 2 |  2.5
Long Blades    | 1 2 |  2.5
Axes           | 1 2 |  2.5
Maces & Flails | 1 2 |  2.5
Polearms       | 1 2 |  2.5
Slings         | 1 2 |  2.5
Bows           | 1 2 |  2.5
Crossbows      | 1 2 |  2.5
Armour         | 1 2 |  2.5
Stealth        | 1 2 |  2.5
Shields        | 1 2 |  2.5
Unarmed Combat | 1 2 |  2.5
Spellcasting   | 1 2 |  2.5
Invocations    | 1 2 |  2.8
Evocations     | 1 2 |  2.5
Conjurations   | 1 2 |  2.0
Hexes          | 1 2 |  2.0
Summonings     | 1 2 |  2.0
Necromancy     | 1 2 |  2.0
Translocations | 1 2 |  2.0
Transmutations | 1 2 |  2.0
Fire Magic     | 1 2 |  2.0
Ice Magic      | 1 2 |  2.0
Air Magic      | 1 2 |  2.0
Earth Magic    | 1 2 |  2.0
Poison Magic   | 1 2 |  2.0
Fighting       | 5 |  5.2
Throwing       | 5 |  5.2
Staves         | 7 |  7.0
Dodging        | 7 |  7.0

Action                   |  1- 3 |  4- 6 |  7- 9 || total
-------------------------+-------+-------+-------++-------
Melee: Quarterstaff      |    74 |    81 |    32 ||   187
       Bite              |     5 |     5 |     4 ||    14
Throw: Stone             |     6 |    31 |     5 ||    42
 Cast: Corona            |     7 |    17 |     5 ||    29
 Stab: Sleeping          |     1 |     2 |       ||     3
Armor: Leather armour    |     9 |    24 |     7 ||    40
Dodge: Dodged            |    39 |    51 |    15 ||   105
